2135 views
Uploaded 2023-10-12 00:23:43
Game version 1.36 (6115)
26:28 long 2on2 ladder game on (4)Synergy_S2
Saved by GIGA
2135 views
Uploaded 2023-10-12 00:23:43
Game version 1.36 (6115)
26:28 long 2on2 ladder game on (4)Synergy_S2


73 units @ 10.3k
/ 1.3k
46 buildings @ 7.5k
/ 3.7k



| Rod of Necromancy | 1 | 150 |
| Sacrificial Skull | 1 | 50 |
| Potion of Healing | 2 | 300 |
| Lesser Clarity Potion | 2 | 140 |
| Potion of Mana | 2 | 400 |
| Orb of Corruption | 1 | 375 |
| Scroll of Town Portal | 1 | 350 |
| Healing Salve | 2 | 200 |
| total: | 12 | 1965g |
| Acolyte | 8 | 600 | / | 0 |
| Ghoul | 7 | 840 | / | 0 |
| Crypt Fiend | 5 | 1075 | / | 200 |
| Obsidian Statue | 5 | 1000 | / | 175 |
| Banshee | 5 | 775 | / | 150 |
| Ice Troll Berserker | 1 | 245 | / | 30 |
| total: | 31 | 4535g | / | 555w |
| Nerubian Tower | 1 | 100 | / | 20 |
| Spirit Tower | 1 | 145 | / | 40 |
| Crypt | 1 | 200 | / | 50 |
| Altar of Darkness | 1 | 180 | / | 50 |
| Ziggurat | 7 | 1050 | / | 350 |
| Tomb of Relics | 1 | 130 | / | 30 |
| Graveyard | 1 | 215 | / | 0 |
| Sacrificial Pit | 1 | 75 | / | 150 |
| Slaughterhouse | 1 | 140 | / | 135 |
| Temple of the Damned | 1 | 155 | / | 140 |
| Halls of the Dead | 1 | 320 | / | 210 |
| Black Citadel | 1 | 325 | / | 230 |
| total: | 14 | 2145g | / | 905w |
| 0:03 | Acolyte |
| 0:07 | Crypt |
| 0:09 | Altar of Darkness |
| 0:24 | Ziggurat |
| 0:32 | Acolyte |
| 0:50 | Tomb of Relics |
| 1:09 | Ghoul |
| 1:14 | Ghoul |
| 1:28 | Ziggurat |
| 1:40 | Ghoul |
| 1:53 | Ghoul |
| 2:12 | Rod of Necromancy |
| 2:13 | Sacrificial Skull |
| 2:26 | Death Coil |
| 2:57 | Halls of the Dead |
| 2:58 | Ghoul |
| 3:30 | Graveyard |
| 3:40 | Ice Troll Berserker |
| 3:43 | Unholy Aura |
| 4:37 | Nerubian Tower |
| 5:17 | Ghoul |
| 5:23 | Acolyte |
| 5:23 | Acolyte |
| 5:26 | Acolyte |
| 5:28 | Ziggurat |
| 6:19 | Death Coil |
| 6:21 | Frost Nova |
| 6:50 | Scroll of Town Portal |
| 6:51 | Potion of Healing |
| 6:57 | Healing Salve |
| 6:57 | Lesser Clarity Potion |
| 7:08 | Crypt Fiend |
| 7:16 | Potion of Mana |
| 8:05 | Black Citadel |
| 9:08 | Sacrificial Pit |
| 9:25 | Slaughterhouse |
| 10:19 | Temple of the Damned |
| 10:28 | Acolyte |
| 10:43 | Destroyer Form |
| 10:44 | Obsidian Statue |
| 11:12 | Acolyte |
| 11:27 | Banshee Adept Training |
| 11:29 | Banshee |
| 11:32 | Ziggurat |
| 11:41 | Black Arrow |
| 11:45 | Frost Armor |
| 12:46 | Obsidian Statue |
| 12:49 | Banshee |
| 12:51 | Creature Attack |
| 12:52 | Ghoul Frenzy |
| 12:56 | Orb of Corruption |
| 13:15 | Ziggurat |
| 13:17 | Ziggurat |
| 13:35 | Banshee Master Training |
| 13:36 | Banshee |
| 13:48 | Acolyte |
| 14:53 | Obsidian Statue |
| 14:56 | Crypt Fiend |
| 14:59 | Obsidian Statue |
| 15:36 | Web |
| 15:47 | Banshee |
| 15:47 | Banshee |
| 16:27 | Improved Creature Attack |
| 16:59 | Ziggurat |
| 17:24 | Obsidian Statue |
| 19:14 | Spirit Tower |
| 19:35 | Silence |
| 20:09 | Unholy Aura |
| 20:37 | Frost Nova |
| 21:47 | Healing Salve |
| 21:52 | Lesser Clarity Potion |
| 22:45 | Crypt Fiend |
| 23:01 | Crypt Fiend |
| 24:27 | Crypt Fiend |
| 24:49 | Potion of Healing |
| 24:51 | Potion of Mana |
| 25:39 | Ghoul |
| Right click | 596 |
| Select group | 495 |
| Select | 343 |
| Misc. action | 263 |
| Build/train/purchase | 87 |
| Use ability | 47 |
| Assign group | 40 |
| Resource trade | 18 |
| Minimap ping | 5 |
| Remove unit | 2 |
| Item give/drop | 1 |


| Healing Salve | 1 | 100 |
| total: | 1 | 100g |
| Peon | 14 | 1050 | / | 0 |
| Grunt | 5 | 1000 | / | 0 |
| Shaman | 7 | 910 | / | 140 |
| Troll Witch Doctor | 5 | 725 | / | 125 |
| Demolisher | 4 | 880 | / | 200 |
| Kodo Beast | 1 | 255 | / | 60 |
| Troll Batrider | 6 | 960 | / | 240 |
| total: | 42 | 5780g | / | 765w |
| Watch Tower | 8 | 880 | / | 640 |
| Altar of Storms | 2 | 360 | / | 100 |
| Orc Burrow | 9 | 1440 | / | 360 |
| Barracks | 1 | 180 | / | 50 |
| Voodoo Lounge | 1 | 130 | / | 30 |
| War Mill | 1 | 205 | / | 0 |
| Great Hall | 3 | 1155 | / | 555 |
| Spirit Lodge | 2 | 300 | / | 300 |
| Beastiary | 4 | 580 | / | 560 |
| Tauren Totem | 1 | 135 | / | 155 |
| Stronghold | 2 | 630 | / | 380 |
| Fortress | 1 | 325 | / | 190 |
| total: | 32 | 5365g | / | 2750w |
| 0:01 | Peon |
| 0:06 | Altar of Storms |
| 0:16 | Peon |
| 0:18 | Orc Burrow |
| 0:27 | Peon |
| 0:35 | Barracks |
| 0:42 | Peon |
| 1:00 | Peon |
| 1:13 | Peon |
| 1:19 | Peon |
| 1:30 | Orc Burrow |
| 1:43 | Grunt |
| 1:51 | Peon |
| 2:06 | Mirror Image |
| 2:25 | Stronghold |
| 2:44 | Grunt |
| 2:54 | Voodoo Lounge |
| 3:24 | Grunt |
| 3:42 | Orc Burrow |
| 3:43 | Critical Strike |
| 4:14 | Grunt |
| 4:17 | War Mill |
| 5:27 | Spirit Lodge |
| 5:59 | Hex |
| 6:16 | Grunt |
| 6:18 | Mirror Image |
| 6:46 | Fortress |
| 6:51 | Beastiary |
| 6:53 | Steel Melee Weapons |
| 6:58 | Berserker Strength |
| 7:01 | Shaman |
| 7:11 | Healing Salve |
| 7:32 | Shaman |
| 7:54 | Orc Burrow |
| 8:28 | Shaman Adept Training |
| 9:13 | Healing Wave |
| 9:27 | Spirit Lodge |
| 9:29 | Shaman Master Training |
| 9:30 | Troll Witch Doctor |
| 9:32 | Demolisher |
| 9:52 | Reinforced Defenses |
| 9:56 | Troll Witch Doctor |
| 10:14 | Orc Burrow |
| 10:19 | Burning Oil |
| 10:55 | Kodo Beast |
| 10:56 | Orc Burrow |
| 11:22 | Demolisher |
| 11:24 | Shaman |
| 11:31 | Troll Batrider |
| 11:33 | Steel Armor |
| 12:06 | Critical Strike |
| 12:13 | Healing Wave |
| 12:34 | Troll Batrider |
| 12:39 | Witch Doctor Adept Training |
| 12:40 | Shaman |
| 12:51 | Tauren Totem |
| 12:55 | Demolisher |
| 13:28 | Troll Batrider |
| 13:30 | Orc Burrow |
| 13:31 | Troll Witch Doctor |
| 14:16 | Watch Tower |
| 14:24 | Witch Doctor Master Training |
| 14:28 | Shaman |
| 15:06 | Watch Tower |
| 15:14 | Demolisher |
| 16:38 | Great Hall |
| 17:57 | Troll Batrider |
| 17:57 | Troll Batrider |
| 18:48 | Great Hall |
| 18:58 | Beastiary |
| 21:06 | Orc Burrow |
| 21:07 | Orc Burrow |
| 21:28 | Great Hall |
| 21:30 | Peon |
| 21:30 | Peon |
| 21:30 | Peon |
| 21:43 | Peon |
| 21:43 | Peon |
| 21:59 | Stronghold |
| 22:10 | Shaman |
| 22:10 | Shaman |
| 22:22 | Altar of Storms |
| 22:52 | Troll Witch Doctor |
| 23:59 | Troll Witch Doctor |
| 24:25 | Beastiary |
| 24:32 | Beastiary |
| 24:37 | Watch Tower |
| 24:38 | Watch Tower |
| 24:40 | Watch Tower |
| 24:41 | Watch Tower |
| 24:43 | Watch Tower |
| 25:23 | Peon |
| 25:37 | Troll Batrider |
| 25:44 | Watch Tower |
| Right click | 2345 |
| Select group | 1265 |
| Select | 549 |
| Build/train/purchase | 101 |
| Use ability | 46 |
| Misc. action | 43 |
| Assign group | 41 |
| Minimap ping | 18 |
| Resource trade | 5 |
| Item give/drop | 3 |
| Remove unit | 3 |
91 units @ 9.3k
/ 1.5k
94 buildings @ 6k
/ 2.9k


| Scroll of Regeneration | 1 | 100 |
| Lesser Clarity Potion | 1 | 70 |
| Dust of Appearance | 1 | 75 |
| total: | 3 | 245g |
| Peasant | 13 | 975 | / | 0 |
| Mortar Team | 2 | 360 | / | 140 |
| Flying Machine | 33 | 3300 | / | 990 |
| Dragonhawk Rider | 6 | 1200 | / | 180 |
| total: | 54 | 5835g | / | 1310w |
| Scout Tower | 23 | 690 | / | 460 |
| Arcane Tower | 3 | 210 | / | 150 |
| Guard Tower | 10 | 700 | / | 500 |
| Altar of Kings | 1 | 180 | / | 50 |
| Farm | 16 | 1280 | / | 320 |
| Lumber Mill | 1 | 120 | / | 0 |
| Blacksmith | 1 | 140 | / | 60 |
| Arcane Vault | 1 | 130 | / | 30 |
| Cannon Tower | 1 | 120 | / | 100 |
| Workshop | 2 | 280 | / | 280 |
| Gryphon Aviary | 1 | 140 | / | 150 |
| Keep | 1 | 320 | / | 210 |
| Castle | 1 | 360 | / | 210 |
| total: | 46 | 2960g | / | 1350w |
| 0:02 | Peasant |
| 0:02 | Peasant |
| 0:06 | Altar of Kings |
| 0:13 | Peasant |
| 0:17 | Farm |
| 0:19 | Farm |
| 0:28 | Peasant |
| 0:36 | Peasant |
| 0:39 | Farm |
| 1:01 | Peasant |
| 1:05 | Lumber Mill |
| 1:12 | Peasant |
| 1:22 | Scout Tower |
| 1:25 | Peasant |
| 1:34 | Scout Tower |
| 1:43 | Peasant |
| 1:53 | Arcane Tower |
| 2:05 | Peasant |
| 2:05 | Peasant |
| 2:07 | Improved Lumber Harvesting |
| 2:16 | Guard Tower |
| 2:20 | Improved Masonry |
| 2:41 | Dust of Appearance |
| 2:49 | Peasant |
| 2:49 | Peasant |
| 3:19 | Keep |
| 3:24 | Blacksmith |
| 3:59 | Farm |
| 4:00 | Farm |
| 4:00 | Farm |
| 4:13 | Bash |
| 5:06 | Black Gunpowder |
| 5:11 | Scout Tower |
| 6:00 | Castle |
| 6:01 | Guard Tower |
| 6:03 | Scout Tower |
| 6:04 | Scout Tower |
| 6:24 | Refined Gunpowder |
| 6:31 | Guard Tower |
| 6:47 | Scout Tower |
| 6:48 | Scout Tower |
| 6:55 | Workshop |
| 6:57 | Workshop |
| 7:01 | Holy Light |
| 7:11 | Scroll of Regeneration |
| 7:11 | Lesser Clarity Potion |
| 7:18 | Advanced Masonry |
| 7:20 | Iron Plating |
| 7:23 | Guard Tower |
| 7:25 | Guard Tower |
| 7:51 | Scout Tower |
| 7:53 | Scout Tower |
| 8:04 | Mortar Team |
| 8:09 | Mortar Team |
| 8:18 | Scout Tower |
| 8:22 | Guard Tower |
| 8:24 | Cannon Tower |
| 8:30 | Scout Tower |
| 8:52 | Arcane Tower |
| 8:56 | Scout Tower |
| 8:56 | Scout Tower |
| 8:59 | Arcane Tower |
| 9:04 | Flying Machine |
| 9:12 | Imbued Masonry |
| 9:14 | Imbued Gunpowder |
| 9:18 | Flak Cannons |
| 9:29 | Flying Machine |
| 9:37 | Guard Tower |
| 9:46 | Guard Tower |
| 9:54 | Farm |
| 9:57 | Farm |
| 10:01 | Farm |
| 10:31 | Steel Plating |
| 10:33 | Flying Machine Bombs |
| 10:34 | Flying Machine |
| 10:40 | Divine Shield |
| 10:53 | Flying Machine |
| 10:54 | Flying Machine |
| 11:04 | Flying Machine |
| 11:04 | Flying Machine |
| 12:19 | Flying Machine |
| 12:19 | Flying Machine |
| 12:20 | Flying Machine |
| 13:08 | Flying Machine |
| 13:14 | Gryphon Aviary |
| 13:18 | Arcane Vault |
| 13:25 | Mithril Plating |
| 13:28 | Farm |
| 13:29 | Farm |
| 14:31 | Cloud |
| 14:34 | Flying Machine |
| 14:42 | Flying Machine |
| 14:43 | Flying Machine |
| 14:43 | Flying Machine |
| 14:43 | Flying Machine |
| 14:43 | Flying Machine |
| 14:43 | Flying Machine |
| 14:43 | Flying Machine |
| 14:45 | Dragonhawk Rider |
| 14:46 | Dragonhawk Rider |
| 14:46 | Dragonhawk Rider |
| 14:48 | Farm |
| 14:49 | Farm |
| 15:45 | Flying Machine |
| 15:45 | Flying Machine |
| 15:45 | Flying Machine |
| 15:45 | Flying Machine |
| 16:47 | Farm |
| 17:34 | Flare |
| 17:36 | Fragmentation Shards |
| 20:13 | Bash |
| 21:45 | Flying Machine |
| 21:45 | Flying Machine |
| 21:45 | Flying Machine |
| 21:46 | Flying Machine |
| 21:47 | Dragonhawk Rider |
| 21:47 | Dragonhawk Rider |
| 21:47 | Dragonhawk Rider |
| 21:51 | Scout Tower |
| 21:52 | Scout Tower |
| 21:52 | Scout Tower |
| 21:53 | Scout Tower |
| 21:54 | Scout Tower |
| 21:55 | Scout Tower |
| 22:47 | Guard Tower |
| 22:57 | Storm Bolt |
| 23:15 | Flying Machine |
| 23:16 | Flying Machine |
| 23:17 | Flying Machine |
| 23:24 | Scout Tower |
| 23:25 | Scout Tower |
| 23:26 | Scout Tower |
| 23:26 | Scout Tower |
| 24:06 | Guard Tower |
| 24:53 | Flying Machine |
| 24:55 | Farm |
| 25:17 | Farm |
| 25:19 | Flying Machine |
| 25:20 | Flying Machine |
| Right click | 1445 |
| Select group | 1029 |
| Select | 377 |
| Build/train/purchase | 102 |
| Assign group | 32 |
| Use ability | 11 |
| Minimap ping | 8 |
| Resource trade | 7 |
| Misc. action | 3 |
| Esc | 1 |
DudeWhy
(236)
(26:18) : 

| Lesser Clarity Potion | 1 | 70 |
| Scroll of Regeneration | 1 | 100 |
| Boots of Speed | 4 | 1000 |
| total: | 6 | 1170g |
| Peasant | 27 | 2025 | / | 0 |
| Footman | 7 | 945 | / | 0 |
| Mortar Team | 3 | 540 | / | 210 |
| total: | 37 | 3510g | / | 210w |
| Scout Tower | 32 | 960 | / | 640 |
| Arcane Tower | 2 | 140 | / | 100 |
| Guard Tower | 15 | 1050 | / | 750 |
| Altar of Kings | 1 | 180 | / | 50 |
| Farm | 7 | 560 | / | 140 |
| Barracks | 1 | 160 | / | 60 |
| Arcane Vault | 1 | 130 | / | 30 |
| Lumber Mill | 1 | 120 | / | 0 |
| Blacksmith | 2 | 280 | / | 120 |
| Town Hall | 1 | 385 | / | 205 |
| Workshop | 2 | 280 | / | 280 |
| Keep | 1 | 320 | / | 210 |
| Castle | 1 | 360 | / | 210 |
| total: | 48 | 3055g | / | 1525w |
| 0:02 | Peasant |
| 0:05 | Altar of Kings |
| 0:07 | Peasant |
| 0:18 | Farm |
| 0:19 | Barracks |
| 0:21 | Peasant |
| 0:34 | Peasant |
| 0:51 | Peasant |
| 1:04 | Farm |
| 1:11 | Peasant |
| 1:16 | Peasant |
| 1:20 | Footman |
| 1:27 | Peasant |
| 1:39 | Scout Tower |
| 1:43 | Footman |
| 1:50 | Farm |
| 2:10 | Storm Bolt |
| 2:11 | Storm Bolt |
| 2:12 | Arcane Tower |
| 2:13 | Peasant |
| 2:52 | Peasant |
| 2:52 | Footman |
| 3:05 | Arcane Vault |
| 3:10 | Lumber Mill |
| 3:20 | Peasant |
| 3:22 | Footman |
| 3:53 | Footman |
| 3:55 | Peasant |
| 3:57 | Bash |
| 4:00 | Boots of Speed |
| 4:12 | Scout Tower |
| 4:13 | Scout Tower |
| 5:01 | Guard Tower |
| 5:02 | Scout Tower |
| 5:18 | Guard Tower |
| 5:19 | Scout Tower |
| 5:44 | Guard Tower |
| 6:26 | Peasant |
| 6:26 | Peasant |
| 6:28 | Footman |
| 6:29 | Footman |
| 6:30 | Peasant |
| 6:33 | Lesser Clarity Potion |
| 6:33 | Scroll of Regeneration |
| 6:43 | Guard Tower |
| 6:45 | Scout Tower |
| 6:45 | Scout Tower |
| 6:52 | Scout Tower |
| 6:56 | Peasant |
| 7:05 | Guard Tower |
| 7:06 | Scout Tower |
| 7:13 | Peasant |
| 7:13 | Peasant |
| 7:19 | Guard Tower |
| 7:25 | Guard Tower |
| 7:36 | Blacksmith |
| 8:08 | Keep |
| 8:58 | Farm |
| 9:08 | Scout Tower |
| 10:01 | Guard Tower |
| 10:39 | Scout Tower |
| 10:40 | Scout Tower |
| 10:45 | Storm Bolt |
| 10:46 | Storm Bolt |
| 11:14 | Improved Masonry |
| 11:17 | Guard Tower |
| 11:31 | Holy Light |
| 13:34 | Castle |
| 13:42 | Divine Shield |
| 14:16 | Holy Light |
| 15:20 | Workshop |
| 16:16 | Workshop |
| 16:37 | Black Gunpowder |
| 16:44 | Fragmentation Shards |
| 16:47 | Farm |
| 16:48 | Farm |
| 17:24 | Flare |
| 17:25 | Mortar Team |
| 18:46 | Mortar Team |
| 18:47 | Refined Gunpowder |
| 18:55 | Scout Tower |
| 18:56 | Scout Tower |
| 18:56 | Scout Tower |
| 18:57 | Scout Tower |
| 18:58 | Scout Tower |
| 18:58 | Scout Tower |
| 19:20 | Scout Tower |
| 21:47 | Holy Light |
| 21:54 | Peasant |
| 21:54 | Peasant |
| 21:57 | Advanced Masonry |
| 22:00 | Scout Tower |
| 22:01 | Scout Tower |
| 22:02 | Scout Tower |
| 22:04 | Scout Tower |
| 22:05 | Scout Tower |
| 22:19 | Guard Tower |
| 22:21 | Scout Tower |
| 22:22 | Scout Tower |
| 22:25 | Scout Tower |
| 22:32 | Guard Tower |
| 22:33 | Guard Tower |
| 22:36 | Town Hall |
| 22:51 | Guard Tower |
| 22:55 | Arcane Tower |
| 22:56 | Guard Tower |
| 22:57 | Scout Tower |
| 22:58 | Scout Tower |
| 23:25 | Guard Tower |
| 23:39 | Bash |
| 23:52 | Storm Bolt |
| 23:59 | Peasant |
| 23:59 | Peasant |
| 24:00 | Peasant |
| 24:00 | Peasant |
| 24:33 | Boots of Speed |
| 24:40 | Boots of Speed |
| 24:49 | Peasant |
| 24:56 | Boots of Speed |
| 25:05 | Mortar Team |
| 25:08 | Blacksmith |
| 25:09 | Farm |
| 25:13 | Peasant |
| 25:13 | Peasant |
| 25:44 | Scout Tower |
| 25:45 | Scout Tower |
| 25:47 | Scout Tower |
| Right click | 1213 |
| Select | 445 |
| Select group | 443 |
| Misc. action | 103 |
| Build/train/purchase | 93 |
| Use ability | 68 |
| Resource trade | 35 |
| Assign group | 29 |
| Item give/drop | 2 |
| Esc | 2 |
| Minimap ping | 1 |